 Dungeon Crawl Stone Soup version 0.30-a0-779-g7971cf19c3 (webtiles) character file.

Game seed: 1220487831291582287

244 sanka the Digger (level 5, -3/24 HPs)
             Began as a Spriggan Earth Elementalist on Feb 17, 2023.
             Slain by Crazy Yiuf
             ... wielding a +2 quarterstaff of chaos
              (10 damage)
             ... on level 2 of the Dungeon.
             The game lasted 00:02:08 (2238 turns).

sanka the Digger (Spriggan Earth Elementalist)      Turns: 2238, Time: 00:02:09

Health: -3/24      AC:  2    Str:  4    XL:     5   Next: 83%
Magic:  9/10       EV: 18    Int: 18    God:
Gold:   128        SH:  0    Dex: 22    Spells: 4/10 levels left

rFire   . . .      SeeInvis +    (weapon restricted)
rCold   . . .      Faith    .    (no shield)
rNeg    . . .      Spirit   .    a - +0 robe
rPois   .          Reflect  .    (helmet restricted)
rElec   .          Harm     .    (no cloak)
rCorr   .          Rampage  .    (gloves unavailable)
Will    +....                    (boots unavailable)
Stlth   +++                      o - amulet of magic regeneration
HPRegen 0.24/turn                n - ring of willpower
MPRegen 0.52/turn                l - +6 ring of dexterity

@: very quick
A: very small, no large weapons, unfitting armour, see invisible, speed 3
a: no special abilities


You were on level 2 of the Dungeon.
You visited 1 branch of the dungeon, and saw 2 of its levels.

You collected 128 gold pieces.


Innate Abilities, Weirdness & Mutations

You are very small and have problems with some larger weapons.
You are too small for most types of armour.
You have supernaturally acute eyesight. (SInv)
You cover ground extremely quickly. (Speed+++)


   Skills:
 - Level 2.6 Dodging
 - Level 3.0 Stealth
 - Level 3.0 Spellcasting
 - Level 1.3 Transmutations
 + Level 6.0 Earth Magic


You had 4 spell levels left.
You knew the following spells:

 Your Spells              Type           Power      Damage    Failure   Level
x - Stone Arrow           Conj/Erth      26%        3d8       14%         3
z - Sandblast             Erth           48%        2d12      1%          1
N - Passwall              Tmut/Erth      12%        N/A       5%          2

Your spell library contained the following spells:

 Spells                   Type           Power      Damage    Failure   Level
 Petrify                  Tmut/Erth      15%        N/A       34%         4

Inventory:

Armour
 a - a +0 robe (worn)
Jewellery
 f - an amulet of reflection
 i - a ring of ice
 l - a +6 ring of dexterity (right hand)
 n - a ring of willpower (left hand)
 o - an amulet of magic regeneration (around neck)
Scrolls
 e - a scroll of poison {unknown}
Potions
 b - a potion of magic
 c - a potion of heal wounds {unknown}
 d - a potion of experience {unknown}
 g - a potion of lignification {unknown}
 h - 2 potions of curing {unknown}
 j - a potion of brilliance {unknown}
 k - a potion of might {unknown}
 m - a potion of attraction {unknown}

Dungeon Overview and Level Annotations

Branches:
Dungeon (2/15)

Altars:

Annotations:
D:2 Crazy Yiuf

▒▒▒▒▒.▒..▒.▒
......▒....▒
..▒▒▒.▒.▒▒.▒
..▒........▒
▒▒▒▒▒
..▒..÷.....▒
▒..)▒
▒.▒......[.▒
▒...▒
▒.▒.......▒▒
...
.......▒▒▒▒▒
▒g▒
...........▒
♣♣i♣
...........▒
♣.♣♣
▒.▒▒▒▒.....▒
♣♣.♣ ▒.▒
▒.....▒ ♣.♣♣
▒<▒ ▒.....▒
♣♣.♣♣ ▒▒▒
▒.....▒
♣...♣♣
▒.....▒
♣..).♣
▒▒▒▒.▒▒
▒....▒
▒.▒▒▒▒▒..▒▒


You could see Crazy Yiuf.


Message History

You see here 4 poisoned darts.
Things that are here:
a +0 club; a +0 robe A goblin comes into view.
It is wielding a +0 dagger.
A goblin is nearby!
A goblin is nearby!
A goblin is nearby!
The blast of sand hits the goblin!
You kill the goblin!
You can't see any susceptible monsters within range! (Use Z to cast anyway.)
You see here a +0 dagger.
Found a hammer.
Found a hammer.
Key pressed, stopping explore.
You see here 3 stones.
Crazy Yiuf shouts!
Crazy Yiuf says, "Blight verde childish!"
Could not explore, unopened runed door.
As you open the door, it creaks loudly!
The blast of sand hits Crazy Yiuf but does no damage.
Crazy Yiuf hits you with a +2 quarterstaff of chaos!
Ouch! That really hurt!
* * * LOW HITPOINT WARNING * * *
Crazy Yiuf burns you.
* * * LOW HITPOINT WARNING * * *
The blast of sand hits Crazy Yiuf but does no damage.
Crazy Yiuf closely misses you.
Crazy Yiuf says, "Crazy?
Crazy!?
PORCUPINE!"
Crazy Yiuf hits you with a +2 quarterstaff of chaos!
You die...

Action                     |  1- 3 |  4- 6 || total
---------------------------+-------+-------++-------
   Cast: Sandblast         |    37 |    25 ||    62
 Armour: Robe              |       |     1 ||     1
  Dodge: Dodged            |     3 |     4 ||     7
  Block: Other             |     1 |       ||     1

Levels and vault maps discovered:
D:1:      dpeg_arrival_chambers_temple_mockup, layout_basic,
          dilly_ecumenical_altar_fadedgnrine
D:2:      layout_basic, serial_undead, serial_undead_c, serial_undead_a,
          serial_undead_e, serial_undead_c, uniq_jessica, uniq_sigmund,
          uniq_crazy_yiuf_cottage

Notes
Turn   | Place    | Note
-------+----------+-------------------------------------------
     0 | D:1      | sanka the Spriggan Earth Elementalist began the quest for
                  | the Orb.
     0 | D:1      | Reached XP level 1. HP: 9/9 MP: 5/5
   289 | D:1      | Reached skill level 3 in Spellcasting
   324 | D:1      | Reached skill level 3 in Earth Magic
   420 | D:1      | Found a faded altar of an unknown god.
   458 | D:1      | Reached XP level 2. HP: 13/13 MP: 5/7
  1154 | D:2      | Noticed Jessica
  1156 | D:2      | Killed Jessica
  1157 | D:2      | Reached skill level 4 in Earth Magic
  1157 | D:2      | Reached XP level 3. HP: 16/16 MP: 5/8
  1428 | D:2      | Reached XP level 4. HP: 21/21 MP: 5/9
  1518 | D:2      | Noticed Sigmund
  1524 | D:2      | Killed Sigmund
  1525 | D:2      | Reached skill level 5 in Earth Magic
  1525 | D:2      | Reached XP level 5. HP: 24/24 MP: 5/10
  1528 | D:2      | Learned a level 2 spell: Passwall
  1532 | D:2      | Learned a level 3 spell: Stone Arrow
  1893 | D:2      | Reached skill level 6 in Earth Magic
  2099 | D:2      | Found a runed translucent door.
  2100 | D:2      | Noticed Crazy Yiuf
  2238 | D:2      | Slain by Crazy Yiuf

Vanquished Creatures
  Sigmund (D:2)
  Jessica (D:2)
  An adder (D:2)
  3 worms (D:2)
  3 dart slugs
  A bat skeleton (D:2)
  2 endoplasms
  3 giant cockroaches
  2 hobgoblins
  3 jackals (D:2)
  A kobold (D:2)
  3 quokkas
  2 ball pythons
  2 bats
  A frilled lizard (D:2)
  A giant cockroach zombie (D:2)
  6 goblins
  A rat (D:1)
37 creatures vanquished.
